 Dungeon Crawl Stone Soup version 0.30.0-29-ga12c61a403 (webtiles) character file.

Game seed: 8245886917231820597

348979 Kranky the Slayer (level 21, -8/194 HPs)
             Began as a Minotaur Berserker on June 20, 2023.
             Was an Elder of Trog.
             Mangled by an azure jelly (12 damage)
             ... created by the Royal Jelly
             ... on level 5 of the Pits of Slime.
             The game lasted 02:14:10 (48489 turns).

Kranky the Slayer (Minotaur Berserker)             Turns: 48489, Time: 02:14:11

Health: -8/194     AC: 42    Str: 33    XL:     21   Next: 24%
Magic:  13/20      EV: 12    Int:  7    God:    Trog [****..]
Gold:   3561       SH: 12    Dex: 13    Spells: 20/20 levels left

rFire   + + .        g - +5 demon trident (venom)
rCold   + + .        J - +0 kite shield {rF+}
rNeg    + . .        a - +8 orange crystal plate armour {Archmagi, Int+3 Clar}
rPois   .            O - +2 hat {SInv}
rElec   .            D - scarf {rC+ rF+}
rCorr   +            q - +2 pair of gloves {Dex+3}
SInv    +            l - +0 pair of boots
Will    ++++.        n - amulet of the Four Winds {rN+ Will+++ Clar} Stlth
                     s - ring of Weivegona {rC+ Slay+4}
HPRegen 0.00/turn    F - ring of resist corrosion
MPRegen 0.17/turn

%: clarity, archmagi
@: engulfed (cannot breathe), corroded, inhibited regen, studying Staves
A: horns 2, retaliatory headbutt, frail 1, inhibited regeneration, subdued magic
1, devolution 1
}: 2/15 runes: decaying, serpentine
a: Renounce Religion, Berserk, Trog's Hand, Brothers in Arms


You were on level 5 of the Pits of Slime.
You worshipped Trog.
Trog was greatly pleased with you.
You visited 8 branches of the dungeon, and saw 40 of its levels.
You also visited: Sewer, Bailey and Ice Cave.

You collected 4474 gold pieces.
You spent 913 gold pieces at shops.

Inventory:

Hand Weapons
 g - a +5 demon trident of venom (weapon)
Armour
 a - the +8 orange crystal plate armour (worn) {Archmagi, Int+3 Clar}
   (You acquired it on level 7 of the Dungeon)

   Int:       It affects your intelligence (+3).
   Clar:      It protects you from confusion, rage, mesmerisation and fear.
 l - a +0 pair of boots (worn)
 q - a +2 pair of gloves of dexterity (worn)
 t - the +0 hat of Wakymoschiu {rElec rF+ Dex-4}
   (You acquired it on level 14 of the Dungeon)

   Dex:       It affects your dexterity (-4).
   rF:        It protects you from fire.
   rElec:     It insulates you from electricity.
 D - a scarf of resistance (worn)
 J - a +0 kite shield of fire resistance (worn)
 O - a +2 hat of see invisible (worn)
Jewellery
 n - the amulet of the Four Winds (around neck) {rN+ Will+++ Clar}
   (You found it on level 3 of the Vaults)

   [amulet of nothing]

   rN:        It protects you from negative energy.
   Clar:      It protects you from confusion, rage, mesmerisation and fear.
   Will:      It greatly increases your willpower.
 s - the ring of Weivegona (left hand) {rC+ Slay+4}
   (You found it on level 4 of the Dungeon)

   [ring of slaying]

   Slay:      It affects your accuracy & damage with ranged weapons and melee
   (+4).
   rC:        It protects you from cold.
 F - a ring of resist corrosion (right hand)
 S - a ring of flight
 X - a ring of poison resistance
Wands
 f - a wand of mindburst (37)
 k - a wand of iceblast (25)
 m - a wand of paralysis (29)
 o - a wand of digging (7)
 p - a wand of polymorph (7)
 w - a wand of acid (15)
 A - a wand of flame (55)
Scrolls
 d - 2 scrolls of magic mapping
 e - a scroll of blinking
 i - 6 scrolls of fog
 v - 8 scrolls of fear
 x - 18 scrolls of identify
 z - 11 scrolls of teleportation
 P - 5 scrolls of immolation
 T - 5 scrolls of poison
 U - 4 scrolls of enchant armour
 V - 4 scrolls of silence
 W - a scroll of summoning
Potions
 c - 3 potions of resistance
 h - 17 potions of haste
 j - 13 potions of curing
 u - 2 potions of flight
 B - 8 potions of mutation
 C - 8 potions of might
 E - 3 potions of berserk rage
 H - a potion of invisibility
 K - 3 potions of cancellation
Miscellaneous
 b - a phantom mirror (inert)
 G - a box of beasts
 R - a piece from Xom's chessboard (15/15)
 Z - a condenser vane


   Skills:
 + Level 24.9 Fighting
 + Level 21.5 Polearms
 + Level 24.8 Armour
 - Level 11.0 Dodging
 - Level 12.0 Shields
 - Level 12.0 Evocations


You had 20 spell levels left.
You didn't know any spells.
Your spell library was empty.

Dungeon Overview and Level Annotations

Branches:
Dungeon (15/15)            Temple (1/1) D:4            Lair (5/5) D:11
  Swamp (4/4) Lair:3        Snake (4/4) Lair:3        Slime (5/5) Lair:4
    Orc (2/2) D:10            Elf (0/3) Orc:2        Vaults (4/5) D:14
  Crypt (0/3) Vaults:3     Depths (0/4) D:15          Sewer (visited)
 Bailey (visited)           IceCv (visited)

Altars:
Ashenzari
Cheibriados
Elyvilon
Makhleb
Nemelex Xobeh
Okawaru
Qazlal
Trog
Uskayaw
Wu Jian
Xom
Jiyva

Shops:
D:4 *   D:7 (   D:13 [   Orc:2 (*=[   Snake:1 ???*   Snake:2 =   Vaults:2 *

Portals:
Hell: Lair:5
Trove: D:13 (give +3 storm dragon scales)

Annotations:
Orc:1 2 transporters, SweetJohnnyV's ghost, journeyman MiBe


Innate Abilities, Weirdness & Mutations

You have a pair of horns on your head.
You reflexively headbutt those who attack you in melee.
You are frail. (-10% HP)
You do not regenerate when monsters are visible.
Your spells are a little easier to cast, but a little less powerful.
You have hidden genetic defects.


Message History

The quicksilver ooze engulfs you!
The quicksilver ooze hits you but does no damage.
The azure jelly attacks as you move away!
The azure jelly hits you but does no damage.
The azure jelly barely misses you. You block the azure jelly's attack. x2
You slip free of the ooze engulfing you.
You gasp with relief as air once again reaches your lungs.
The azure jelly attacks as you move away!
You block the azure jelly's attack. x2
The azure jelly hits you but does no damage. x2
The quicksilver ooze hits you. The quicksilver ooze engulfs you!
The quicksilver ooze hits you but does no damage.
The quicksilver ooze barely misses you. You furiously retaliate!
You headbutt the quicksilver ooze.
The quicksilver ooze hits you but does no damage.
The quicksilver ooze attacks as you move away!
You block the quicksilver ooze's attack.
The quicksilver ooze closely misses you.
The azure jelly attacks as you move away!
The azure jelly hits you but does no damage. x4
You slip free of the ooze engulfing you.
You gasp with relief as air once again reaches your lungs.
The azure jelly hits you but does no damage. x2
The azure jelly hits you!
* * * LOW HITPOINT WARNING * * *
You block the azure jelly's attack.
There is a stone staircase leading up, spattered with blood here.
The quicksilver ooze hits you. The quicksilver ooze engulfs you!
You block the quicksilver ooze's attack.
You block the azure jelly's attack.
The azure jelly hits you but does no damage.
The azure jelly closely misses you.
The azure jelly hits you but does no damage.
You block the quicksilver ooze's attack.
The quicksilver ooze misses you. The azure jelly misses you.
You furiously retaliate!
You headbutt the azure jelly!! The azure jelly hits you.
* * * LOW HITPOINT WARNING * * *
The azure jelly freezes you! You resist.
You die...

###### #####....###
##....#.....##
####............## ##
#.........J......## ..#
.........@J.......##...#
..........J.............
........................
............J.............
..........................
................J.........
..........................
..........................
..........................


You could see an acid blob, 3 azure jellies and a quicksilver ooze.

Vanquished Creatures
  the Royal Jelly (Slime:5)
  Nikola (Swamp:4)
  The ghost of feetsoup the Warrior, an adept MiFi of Okawaru (Vaults:3)
  Rupert (D:14)
  An Ice Fiend (IceCv)
  Asterion (Vaults:2)
  The ghost of thromnambular the Fencer, an adept DrHW of Vehumet (Snake:4)
  10 acid blobs
  Gastronok (D:11)
  4 sphinxes
  A nagaraja (Snake:3)
  9 azure jellies
  Roxanne (Snake:4)
  10 rockslimes
  21 vault wardens
  Aizul (Snake:1)
  17 ironbound preservers
  9 quicksilver oozes
  7 ironbound thunderhulks
  2 orc warlords
  3 stone giants
  4 very ugly things
  A war gargoyle (Vaults:1)
  4 eleionomae
  Azrael (D:14)
  4 bunyips
  Snorg (D:14)
  2 entropy weavers
  A fire dragon (D:15)
  A crystal guardian (Vaults:4)
  An entropy weaver (shapeshifter) (D:14)
  An ettin (Vaults:4)
  The ghost of LynnLen the Unseen, a journeyman SpEn of Dithmenos (D:13)
  7 yaktaur captains
  A deep elf high priest (Vaults:1)
  10 great orbs of eyes
  9 vault guards
  Erolcha (D:13)
  2 caustic shrike simulacra (IceCv)
  5 salamander tyrants (Snake:4)
  A rakshasa (D:13)
  19 hydras
  A peacekeeper (Vaults:4)
  15 anacondas
  2 merfolk aquamancers (D:15)
  9 ironbound frosthearts
  4 ghost crabs
  2 boulder beetles
  16 alligators
  15 centaur warriors
  2 tengu warriors (D:15)
  4 two-headed ogres
  10 death yaks
  2 orc high priests
  Nergalle (D:10)
  Urug (Orc:1)
  11 shock serpents
  11 naga sharpshooters
  11 naga warriors
  5 sixfirhies
  2 sun demons (D:13)
  2 skysharks
  2 soul eaters
  Lodul (D:11)
  4 salamander mystics
  4 goliath frogs
  2 glowing orange brains
  56 deep trolls
  A flayed ghost (Vaults:3)
  6 spriggan druids
  6 naga ritualists
  An obsidian statue (IceCv)
  9 swamp dragons
  Pikel (D:8)
  4 spriggan simulacra (IceCv)
  6 wizards
  A phantasmal warrior (Vaults:3)
  10 lindwurms
  11 ironbound convokers
  5 harpies (Vaults:3)
  12 bog bodies
  6 orc knights
  3 deep elf pyromancers
  A necromancer (Vaults:3)
  4 orc sorcerers (Orc:2)
  12 mana vipers
  3 manticores
  2 shining eyes
  17 salamanders
  An elephant (shapeshifter) (Vaults:4)
  6 cyclopes
  5 will-o-the-wisps
  32 ugly things
  4 guardian serpents
  36 slime creatures
  2 smoke demons
  19 vault sentinels
  2 rust devils (D:13)
  An eye of devastation (Slime:5)
  28 elephants
  32 black mambas
  Joseph (D:7)
  Maurice (D:8)
  2 gargoyles (D:11)
  15 naga magi
  2 water nymphs (D:15)
  2 torpor snails (Lair:5)
  6 orange demons
  10 cane toads
  An unseen horror (D:13)
  53 yaktaurs
  10 komodo dragons
  6 rime drakes (Lair:5)
  4 freezing wraiths
  2 anaconda simulacra (IceCv)
  10 ice devils
  4 red devils
  A merfolk (shapeshifter) (D:14)
  A polar bear (shapeshifter) (D:13)
  2 bloated husks
  11 trolls
  2 golden dragon simulacra (IceCv)
  7 tyrant leeches
  2 hellwings (D:13)
  3 polar bears
  16 blink frogs
  Prince Ribbit (Bailey)
  4 hornets
  A snapping turtle (shapeshifter) (Vaults:3)
  4 dream sheep (Lair:5)
  A shadow (D:10)
  2 dire elephant simulacra (IceCv)
  10 spriggans
  A centaur simulacrum (D:15)
  2 wyverns
  A vampire (D:12)
  A water elemental (D:15)
  A wraith (D:10)
  43 yaks
  Eustachio (D:6)
  A ynoxinul (D:13)
  A steam dragon (D:9)
  9 golden eyes
  Grum (D:7)
  A redback (Vaults:2)
  6 basilisks
  A basilisk (shapeshifter) (D:14)
  10 minotaur simulacra (IceCv)
  2 fire elementals (D:14)
  A human (Bailey)
  19 vampire mosquitoes
  3 neqoxecs (D:13)
  A harpy simulacrum (IceCv)
  18 swamp worms
  5 wargs
  38 nagas
  2 acid dragons
  13 water moccasins
  10 hell hounds
  8 swamp drakes
  26 orc warriors
  Pargi (Sewer)
  2 black bears
  An ice beast (D:7)
  3 ettin simulacra (IceCv)
  13 ogres
  16 wolves
  8 centaurs
  4 phantoms
  2 lemures (D:8)
  2 kobold brigands
  20 bullfrogs
  11 deep troll simulacra (IceCv)
  2 scorpions
  2 gnoll sergeants
  17 wights
  11 electric eels
  3 howler monkeys
  3 hounds
  5 jellies
  18 orc priests
  3 sleepcaps
  21 orc wizards
  2 hell rats (Lair:2)
  An iguana (D:6)
  5 adders
  14 gnolls
  3 river rats (Lair:2)
  A shadow imp (D:8)
  An ufetubus (D:7)
  2 worms
  A dart slug (D:3)
  81 orcs
  8 ball pythons
  5 bats
  5 endoplasms
  5 giant cockroaches (D:6)
  6 hobgoblins
  2 jackals (D:1)
  8 quokkas
  7 frilled lizards
  13 goblins
  21 kobolds
  13 rats
1459 creatures vanquished.

Vanquished Creatures (collateral kills)
  the Lernaean hydra (Swamp:4)
  An acid blob (Slime:5)
  A rockslime (Slime:5)
  2 ironbound preservers (Vaults:4)
  A quicksilver ooze (Slime:5)
  A vault guard (Vaults:2)
  An ironbound frostheart (Vaults:4)
  A naga warrior (Snake:4)
  2 naga ritualists (Snake:4)
  2 ironbound convokers
  A salamander (Snake:4)
  A guardian serpent (Snake:4)
  2 vault sentinels
  A yaktaur (Vaults:2)
  A white imp (Vaults:4)
19 creatures vanquished.

Vanquished Creatures (others)
  An eleionoma (Swamp:4)
  A salamander mystic (Snake:4)
  A bog body (Swamp:4)
  A wizard (Lair:5)
  A yaktaur (D:15)
  3 bloated husks
  2 hornets (Swamp:4)
  A warg (Orc:2)
  A swamp drake (Swamp:4)
  A centaur (D:15)
  An orc wizard (Orc:2)
  A gnoll (D:8)
  20 foxfires
35 creatures vanquished.

Grand Total: 1513 creatures vanquished

Notes
Turn   | Place    | Note
-------+----------+-------------------------------------------
     0 | D:1      | Kranky the Minotaur Berserker began the quest for the Orb.
     0 | D:1      | Reached XP level 1. HP: 19/19 MP: 0/0
   210 | D:1      | Reached XP level 2. HP: 27/27 MP: 1/1
   357 | D:1      | Reached ** piety under Trog
   850 | D:2      | Reached XP level 3. HP: 27/33 MP: 2/2
   862 | D:2      | HP: 1/33 [gnoll/+0 flail (7)]
  1204 | D:2      | Found a faded altar of an unknown god.
  1226 | D:2      | Reached XP level 4. HP: 41/41 MP: 3/3
  1794 | D:3      | Identified the +5 chain mail of Wocza {rPois}
  2085 | D:3      | Reached *** piety under Trog
  2205 | D:4      | Reached XP level 5. HP: 46/47 MP: 4/4
  2293 | D:4      | Noticed a phantom
  2308 | D:4      | Killed a phantom
  2309 | D:4      | Reached skill level 5 in Fighting
  2309 | D:4      | Reached skill level 5 in Polearms
  2335 | D:4      | Identified the ring of Weivegona {rC+ Slay+4}
  2338 | D:4      | Found a snail-covered altar of Cheibriados.
  2369 | D:4      | Found Diesy's Assorted Antiques.
  2426 | D:4      | Found a staircase to the Ecumenical Temple.
  2482 | D:4      | Reached XP level 6. HP: 41/56 MP: 5/5
  2578 | D:4      | Found a stormy altar of Qazlal.
  2646 | D:4      | Found a sparkling altar of Nemelex Xobeh.
  2677 | D:4      | Found a shimmering altar of Xom.
  2793 | Temple   | Entered the Ecumenical Temple
  2803 | D:5      | Entered Level 5 of the Dungeon
  2925 | D:5      | Found a white marble altar of Elyvilon.
  3472 | D:5      | Found an iron altar of Okawaru.
  3482 | D:5      | Reached skill level 5 in Armour
  3482 | D:5      | Reached skill level 1 in Shields
  3482 | D:5      | Reached XP level 7. HP: 61/62 MP: 6/6
  3637 | D:6      | Found a glowing drain.
  3654 | Sewer    | Entered a sewer
  3717 | Sewer    | Noticed Pargi
  3724 | Sewer    | Killed Pargi
  3740 | Sewer    | Identified the +7 morningstar "Orolle" {heavy, +Blink rCorr
                  | Str-2 Int+6}
  3799 | D:6      | Reached skill level 5 in Dodging
  3799 | D:6      | Noticed a troll
  3808 | D:6      | Reached **** piety under Trog
  3816 | D:6      | Killed a troll
  3817 | D:6      | Reached XP level 8. HP: 28/71 MP: 7/7
  4099 | D:6      | Found an ornate altar of the Wu Jian Council.
  4185 | D:6      | Noticed Eustachio
  4201 | D:6      | Killed Eustachio
  4684 | D:7      | Noticed Joseph
  4708 | D:7      | Killed Joseph
  4709 | D:7      | Reached XP level 9. HP: 58/79 MP: 8/8
  4899 | D:7      | Found a broken altar of Ashenzari.
  5049 | D:7      | Found Haatzoa's Antique Weapon Boutique.
  5053 | D:7      | Reached skill level 5 in Shields
  5599 | D:7      | Identified a scroll of acquirement
  5599 | D:7      | Acquired the +8 orange crystal plate armour {Archmagi,
                  | Int+3 Clar}
  5599 | D:7      | Found the +8 orange crystal plate armour {Archmagi, Int+3
                  | Clar}
  6243 | D:8      | Noticed a two-headed ogre
  6256 | D:8      | Killed a two-headed ogre
  6292 | D:8      | Reached XP level 10. HP: 77/90 MP: 9/9
  6301 | D:8      | Reached ***** piety under Trog
  6327 | D:8      | Noticed Grum
  6539 | D:7      | Killed Grum
  6581 | D:8      | Received a gift from Trog
  6622 | D:8      | Found a bloodstained altar of Trog.
  6668 | D:8      | Noticed Pikel
  6684 | D:8      | Killed Pikel
  6738 | D:8      | Noticed Maurice
  6762 | D:8      | Killed Maurice
  7312 | D:9      | Found a flagged portal.
  7343 | Bailey   | Entered a bailey
  7492 | Bailey   | Noticed Prince Ribbit
  7498 | Bailey   | Killed Prince Ribbit
  7499 | Bailey   | Reached skill level 10 in Polearms
  7499 | Bailey   | Noticed a vault guard
  7512 | Bailey   | Killed a vault guard
  7513 | Bailey   | Reached skill level 10 in Fighting
  7513 | Bailey   | Reached XP level 11. HP: 86/99 MP: 10/10
  7559 | Bailey   | Noticed a vault guard
  7569 | Bailey   | Killed a vault guard
  7847 | D:10     | Entered Level 10 of the Dungeon
  7954 | D:10     | Noticed a two-headed ogre
  7963 | D:10     | Killed a two-headed ogre
  7964 | D:10     | Reached skill level 10 in Armour
  8199 | D:10     | Found a staircase to the Orcish Mines.
  8346 | D:10     | Identified the +8 dagger "Kemil" {venom, rC+++}
  8423 | D:10     | Noticed Nergalle
  8432 | D:10     | Noticed a spectral orc warlord
  8441 | D:10     | Killed Nergalle
  8441 | D:10     | Received a gift from Trog
  8806 | D:11     | Noticed a two-headed ogre
  8813 | D:11     | Killed a two-headed ogre
  8879 | D:11     | Found a staircase to the Lair.
  8879 | D:11     | Noticed a centaur warrior
  8889 | D:11     | Killed a centaur warrior
  9029 | D:11     | Noticed Gastronok
  9047 | D:11     | Killed Gastronok
  9048 | D:11     | Reached skill level 10 in Dodging
  9119 | D:11     | Reached XP level 12. HP: 110/110 MP: 11/11
  9213 | D:11     | Noticed Lodul
  9226 | D:11     | Killed Lodul
  9230 | D:11     | Reached skill level 10 in Shields
  9319 | D:11     | Identified the +0 shortbow "Dewkal" {heavy, rPois Will+
                  | rCorr}
 10270 | D:13     | Noticed a centaur warrior
 10282 | D:13     | Killed a centaur warrior
 10356 | D:13     | Noticed Erolcha
 10375 | D:13     | Killed Erolcha
 10434 | D:13     | Found Keoruvyes's Armour Shop.
 10766 | D:13     | Found a runed translucent door.
 10766 | D:13     | Noticed LynnLen's ghost (journeyman SpEn)
 10815 | D:13     | Received a gift from Trog
 10838 | D:13     | Reached skill level 1 in Evocations
 10861 | D:13     | Identified the +0 robe "Nauf" {Dex+3}
 11161 | Lair:1   | Entered Level 1 of the Lair of Beasts
 11322 | Lair:1   | Reached XP level 13. HP: 119/119 MP: 12/12
 11846 | Lair:1   | You are sucked into a shaft and drop 1 floor!
 12359 | Lair:2   | Received a gift from Trog
 13333 | Lair:3   | Reached skill level 5 in Evocations
 13544 | Lair:3   | Found a staircase to the Snake Pit.
 13917 | Lair:3   | Reached ****** piety under Trog
 13972 | Lair:3   | Found a staircase to the Swamp.
 14205 | Lair:3   | Reached XP level 14. HP: 133/133 MP: 13/13
 14232 | Lair:3   | Received a gift from Trog
 14455 | Lair:4   | Found a viscous altar of Jiyva.
 14455 | Lair:4   | Found a staircase to the Slime Pits.
 15091 | Slime:1  | Entered Level 1 of the Pits of Slime
 15203 | Lair:5   | Entered Level 5 of the Lair of Beasts
 15325 | Lair:5   | Reached skill level 15 in Fighting
 15573 | Lair:4   | Reached skill level 15 in Armour
 16303 | Lair:5   | Found a burning altar of Makhleb.
 16580 | Lair:5   | Found a gateway to Hell.
 17346 | D:13     | Received a gift from Trog
 17435 | D:13     | Reached XP level 15. HP: 77/144 MP: 14/14
 17845 | D:13     | Gained mutation: You do not regenerate when monsters are
                  | visible. [a neqoxec]
 17971 | D:13     | Found a portal to a secret trove of treasure.
 18219 | D:13     | Killed LynnLen's ghost
 18347 | D:14     | Noticed Rupert
 18753 | D:14     | Killed Rupert
 18836 | D:14     | Found a gate to the Vaults.
 18946 | D:14     | Acquired the +0 hat of Wakymoschiu {rElec rF+ Dex-4}
 19139 | D:14     | Found a hide-covered altar of Uskayaw.
 19142 | D:14     | Noticed Snorg
 19157 | D:14     | Killed Snorg
 19436 | D:14     | Noticed Azrael
 19468 | D:14     | Killed Azrael
 19908 | D:15     | Entered Level 15 of the Dungeon
 20285 | D:14     | Reached skill level 10 in Evocations
 20456 | D:15     | Received a gift from Trog
 21064 | D:15     | Found a staircase to the Depths.
 21407 | Orc:1    | Entered Level 1 of the Orcish Mines
 21728 | Orc:1    | Found a transporter.
 21731 | Orc:1    | Found a transporter.
 21756 | Orc:1    | Found a bloodstained altar of Trog.
 21777 | Orc:1    | Noticed SweetJohnnyV's ghost (journeyman MiBe)
 22127 | Orc:2    | Entered Level 2 of the Orcish Mines
 22564 | Orc:2    | Found a staircase to the Elven Halls.
 22578 | Orc:2    | Received a gift from Trog
 22790 | Orc:2    | Noticed Urug
 23122 | Orc:1    | Killed Urug
 23348 | Orc:2    | Reached XP level 16. HP: 145/157 MP: 15/15
 24079 | Orc:2    | Found Lunoiseh's Antique Weapon Shoppe.
 24174 | Orc:2    | Found Korghohint's General Store.
 24189 | Orc:2    | Found Kagakat's Antique Armour Shoppe.
 24205 | Orc:2    | Found Ditiwn's Jewellery Shoppe.
 24212 | Orc:2    | Bought an amulet of reflection for 420 gold pieces
 24898 | Swamp:1  | Entered Level 1 of the Swamp
 25876 | Swamp:1  | Identified the +10 hand axe of the Changing Scorpion
                  | {flame, *Rage rPois rF+ Int+5}
 27029 | Swamp:3  | Found a frozen archway.
 27276 | IceCv    | Entered an ice cave
 27437 | IceCv    | Received a gift from Trog
 28271 | IceCv    | Noticed an Ice Fiend
 28295 | IceCv    | Killed an Ice Fiend
 28781 | Swamp:3  | Received a gift from Trog
 29002 | Swamp:3  | Reached XP level 17. HP: 130/168 MP: 16/16
 29196 | Swamp:3  | Identified the +3 leather armour of Kioggaz {rPois}
 29383 | Swamp:4  | Entered Level 4 of the Swamp
 30447 | Swamp:4  | Noticed Nikola
 30605 | Swamp:4  | Received a gift from Trog
 30632 | Swamp:4  | Killed Nikola
 30909 | Swamp:4  | Noticed the 27-headed Lernaean hydra
 30917 | Swamp:4  | Killed the 25-headed Lernaean hydra
 30918 | Swamp:4  | Reached skill level 15 in Polearms
 31028 | Swamp:4  | Got a decaying rune of Zot
 31363 | Vaults:1 | Entered Level 1 of the Vaults
 32315 | Vaults:1 | Identified the staff of air "Geirgheno" {rElec rN+++ Will-
                  | MP+9 Str-4}
 32471 | Vaults:1 | Received a gift from Trog
 33282 | Vaults:2 | Reached XP level 18. HP: 174/180 MP: 17/17
 34345 | Vaults:2 | Found the +7 staff of the Meek {protect, meekguard}
 34901 | Vaults:2 | Found Keiggeopp's Assorted Antiques.
 35128 | Vaults:2 | Noticed Asterion
 35136 | Vaults:2 | Killed Asterion
 35136 | Vaults:2 | Received a gift from Trog
 35466 | Vaults:2 | Identified the +5 scale mail "Pewo Kipp" {Rampage rC+++
                  | Will+ Int-2}
 35549 | Vaults:3 | Found a staircase to the Crypt.
 35715 | Vaults:3 | Found a runed translucent gate.
 35715 | Vaults:3 | Found a runed translucent gate.
 35716 | Vaults:3 | Found a runed translucent gate.
 36466 | Vaults:3 | Reached XP level 19. HP: 186/191 MP: 18/18
 37081 | Vaults:3 | Noticed feetsoup's ghost (adept MiFi)
 37087 | Vaults:3 | Found the amulet of the Four Winds {rN+ Will+++ Clar}
 37113 | Vaults:3 | Killed feetsoup's ghost
 37613 | Vaults:4 | Received a gift from Trog
 39634 | Snake:1  | Entered Level 1 of the Snake Pit
 39641 | Snake:1  | Found Xylukkuj's Assorted Antiques.
 39655 | Snake:1  | Found Fasablu's Magic Scroll Shop.
 39655 | Snake:1  | Found Quarej's Magic Scroll Boutique.
 39718 | Snake:1  | Found Dicut's Magic Scroll Boutique.
 39721 | Snake:1  | Bought a scroll of blinking for 105 gold pieces
 39721 | Snake:1  | Bought a scroll of blinking for 105 gold pieces
 39724 | Snake:1  | Bought a scroll of teleportation for 33 gold pieces
 39724 | Snake:1  | Bought a scroll of blinking for 82 gold pieces
 39724 | Snake:1  | Bought a scroll of teleportation for 33 gold pieces
 39727 | Snake:1  | Bought a scroll of magic mapping for 75 gold pieces
 39727 | Snake:1  | Bought a scroll of teleportation for 30 gold pieces
 39727 | Snake:1  | Bought a scroll of teleportation for 30 gold pieces
 39752 | Snake:1  | Received a gift from Trog
 39769 | Snake:1  | Reached XP level 20. HP: 171/204 MP: 19/19
 39971 | Snake:1  | Noticed Aizul
 39985 | Snake:1  | Killed Aizul
 40804 | Snake:2  | Found Vyeso's Jewellery Emporium.
 43244 | Snake:3  | Received a gift from Trog
 43783 | Snake:4  | Entered Level 4 of the Snake Pit
 43822 | Snake:4  | Found a runed translucent door.
 43919 | Snake:4  | Noticed thromnambular's ghost (adept DrHW)
 43949 | Snake:4  | Killed thromnambular's ghost
 43954 | Snake:4  | Identified the +3 great mace of Ecuust {heavy, rN+}
 43991 | Snake:4  | Identified Roxanne's Incunabulum of the Gestalt
 43991 | Snake:4  | Noticed Roxanne
 44008 | Snake:4  | Killed Roxanne
 45086 | Snake:4  | Received a gift from Trog
 45273 | Snake:4  | Got a serpentine rune of Zot
 45521 | Snake:4  | Identified the ring of Eraxzyo {MP+9 SInv}
 46035 | Slime:3  | Gained mutation: Your spells are a little easier to cast,
                  | but a little less powerful. [a shining eye]
 46038 | Slime:3  | Gained mutation: You have hidden genetic defects. [a
                  | shining eye]
 46134 | Slime:5  | Entered Level 5 of the Pits of Slime
 46146 | Slime:4  | Reached XP level 21. HP: 196/215 MP: 20/20
 46536 | Slime:5  | Noticed the Royal Jelly
 48107 | Slime:5  | Killed the Royal Jelly
 48111 | Slime:5  | HP: 8/216 [azure jelly[the Royal Jelly] (7)]
 48130 | Slime:4  | Gained mutation: You are frail. (-10% HP) [hidden defects]
 48488 | Slime:5  | HP: 8/194 [azure jelly[the Royal Jelly] (7)]
 48489 | Slime:5  | Mangled by an azure jelly

Illustrated notes

Levels and vault maps discovered:
D:1:      onia_arrival_mini_maze, layout_rooms, minmay_misc_feat_more_columns,
          minmay_door_square
D:2:      layout_loops_ring, shapermc_ecumenical_altar_rom_forum
D:3:      layout_basic
D:4:      layout_cave_pools, kennysheep_little_box, nemelex_spade_bored_becter,
          mainiacjoe_overflow_catch_the_wave, minmay_temple_entry_trees,
          serial_shops, shop
D:5:      layout_loops_ring, mainiacjoe_overflow_boulevard, lemuel_round_altar,
          kennysheep_generic_room_7
D:6:      layout_cave_pools, pdpol_wu_jian_five_deadly_venoms,
          portal_sewer_entry_f, uniq_eustachio
D:7:      layout_basic, evilmike_ruin_ashenzari, serial_shops,
          nicolae_shop_advertising_works [nicolae_subvault_shop_adworks],
          uniq_joseph
D:8:      layout_loops_cross, trog_book, serial_bayou, serial_bayou_shore_a,
          serial_bayou_shore_b, serial_bayou_ford_a, serial_bayou_lagoon_a,
          uniq_maurice, uniq_grum, uniq_pikel
D:9:      layout_rooms, enter_bailey_5
D:10:     layout_basic, erik_orc_4, minmay_misc_feat_secret_circle,
          uniq_nergalle
D:11:     layout_basic, lair_entry_dummy, minivault_10, minmay_misc_feat_roman,
          uniq_gastronok, uniq_lodul
D:12:     layout_rooms, eino_tiny_chamber
D:13:     layout_basic, serial_demonic, serial_demonic_b, serial_demonic_d,
          serial_demonic_c, serial_demonic_d, serial_demonic_e,
          serial_demonic_g, serial_demonic_f, serial_demonic_a, serial_shops,
          nicolae_shop_rolling_square, enter_trove_6,
          hellmonk_ghost_happy_afterlife, chequers_serial_rivers_small_a,
          uniq_erolcha
D:14:     layout_roguey, david_vaults_5, nicolae_uskayaw_suspiria,
          serial_bayou_crossing, uniq_azrael, uniq_snorg, uniq_rupert
D:15:     grunt_enter_depths_snipers, layout_cave_pools, nicolae_splish_splash
Temple:   nicolae_temple_god_jail
Lair:1:   layout_cave_pods, st_stairs_8, grunt_megastairs_1,
          serial_bayou_shore_b
Lair:2:   layout_long_grid, grunt_forest_small_clearings,
          kennysheep_abandoned_house
Lair:3:   layout_regular_city, nicolae_swamp_entry_splash_gauntlet,
          guppyfry_snake_entry_garden
Lair:4:   layout_big_grid, nicolae_slime_entry_field_trip,
          infiniplex_staircase_pool, lemuel_fruit_tree
Lair:5:   evil_forest, layout_hall_layers
Swamp:1:  layout_falls_marsh, evilmike_swamp_ruin_house_5
Swamp:2:  layout_falls_marsh, serial_swamp_ruin, evilmike_swamp_ruin_house_2,
          evilmike_swamp_ruin_house_6, swamp_pool2
Swamp:3:  layout_basic_swamp, portal_ice_cave_entry_ugly_swarm,
          hangedman_swamp_ruin_hall, swamp_pool1, nicolae_swamp_dense_foliage
Swamp:4:  grunt_swamp_rune_castle, layout_basic_swamp, uniq_nikola
Snake:1:  layout_gridlike, nrook_guardian_serpent_ordinary, minmay_shoptagon,
          grunt_megastairs_3, uniq_aizul
Snake:2:  layout_grid_maze, serial_shops, shop, serial_bayou_shore_b,
          serial_bayou_shore_b, serial_bayou_shore_b
Snake:3:  layout_onion
Snake:4:  snake_pit_salamanders_mu, layout_basic, gammafunk_ghost_grave,
          serial_curves, eino_curves_01, eino_curves_04, uniq_roxanne
Slime:1:  layout_caves
Slime:2:  layout_caves
Slime:3:  layout_caves
Slime:4:  layout_caves
Slime:5
Orc:1:    layout_caves, gammafunk_ghost_wrathful_warriors
Orc:2:    grunt_orc_cross, layout_caves
Vaults:1: serial_ice_g, nicolae_vaults_sesquioval_fish, vaults_room_fancy_cross,
          v_misc_30, nicolae_vaults_turnstiles, v_misc_15,
          nicolae_vaults_antechamber_and_loot_room, hangedman_vaults_river_flow,
          nicolae_vaults_house_2, hangedman_vaults_capsules,
          nicolae_vaults_diamond_1, layout_vaults_chaotic_city
Vaults:2: nicolae_vaults_weapon_check, nicolae_vaults_storage_closets_2,
          ontoclasm_vaults_eye, vaults_room_door_hall, v_alt_pattern_4,
          v_pattern_5, nicolae_vaults_circle_grid_b, grunt_vaults_focal,
          grunt_vaults_swirl, vaults_room_grid, nicolae_vaults_tetromino_L_1,
          nicolae_vaults_meeting, ontoclasm_vaults_idyll,
          ontoclasm_vaults_decontamination, nicolae_vaults_trapezoid_3,
          hangedman_vaults_impose, layout_vaults_omnibox, serial_shops, shop,
          uniq_asterion
Vaults:3: ebering_ghost_rock_garden, ontoclasm_vaults_pinch, st_lines,
          nicolae_vaults_closet_pinwheel_4, nicolae_vaults_tetromino_T_1,
          nicolae_vaults_trapezoid_4, v_misc_23, nicolae_vaults_tetromino_T_2,
          vaults_standard_mumra_lines, nicolae_vaults_door_testing_chamber,
          minmay_crypt_entry_simple_corners, nicolae_vaults_prndl,
          nicolae_vaults_mini_display_case, nicolae_vaults_trapezoid_lopsided_1,
          nicolae_vaults_trapezoid_1, dpeg_vaults_monster_box,
          layout_vaults_omnicross
Vaults:4: ontoclasm_vaults_shout, vaults_room_door_hall, nicolae_vaults_cochlea,
          nicolae_vaults_diamond_1, nicolae_vaults_angled_halls,
          nicolae_vaults_house_2, v_misc_27,
          nicolae_vaults_offset_grid_hallway_2,
          nicolae_vaults_trapezoid_lopsided_3, v_pattern_2, v_misc_3,
          serial_ice_h, nicolae_vaults_ninety_degrees,
          nicolae_vaults_oval_intersection, vaults_room_door_hall,
          vaults_dpeg_ring, layout_vaults_maze_snakey

Skill      XL: |  1  2  3  4  5  6  7  8  9 10 11 12 13 14 15 16 17 18 19 20 |
---------------+-------------------------------------------------------------+-----
Fighting       | 4 5 6 7 8 10 11 12 14 16 17 19 20 22 23 24 | 24.9
Polearms       | 4 5 6 7 8 10 11 12 13 15 17 19 21 | 21.5
Armour         | 3 4 5 7 8 9 11 12 14 16 17 19 20 21 23 24 | 24.8
Dodging        | 3 4 5 6 7 8 10 11 | 11.0
Shields        | 1 3 4 6 8 9 11 12 | 12.0
Evocations     | 2 6 8 10 12 | 12.0

Action                     |  1- 3 |  4- 6 |  7- 9 | 10-12 | 13-15 | 16-18 | 19-21 || total
---------------------------+-------+-------+-------+-------+-------+-------+-------++-------
  Melee: Spear             |   103 |   133 |   251 |   738 |  1800 |       |       ||  3025
         Headbutt          |     9 |    26 |    37 |   162 |   531 |   387 |   380 ||  1532
         Punch             |       |     2 |       |       |       |       |       ||     2
         Demon trident     |       |       |       |       |    96 |  1576 |  1473 ||  3145
 Invoke: Trog's Hand       |       |       |       |       |     5 |     8 |     5 ||    18
         Brothers in Arms  |       |       |       |       |       |     4 |    12 ||    16
  Evoke: Wand              |       |       |       |       |       |     2 |     1 ||     3
         Phantom mirror    |       |       |       |       |       |       |     1 ||     1
    Use: Scroll            |       |       |    15 |     9 |    12 |     5 |     8 ||    49
         Potion            |       |       |       |     1 |       |     5 |     6 ||    12
   Stab: Sleeping          |     1 |       |       |       |       |       |       ||     1
         Distracted        |       |       |       |     1 |       |       |     2 ||     3
 Armour: Animal skin       |     4 |       |       |       |       |       |       ||     4
         Ring mail         |    10 |     4 |       |       |    55 |     5 |       ||    74
         Chain mail        |       |    40 |    69 |       |       |       |       ||   109
         Crystal plate arm |       |       |    25 |   300 |   614 |   729 |   897 ||  2565
  Dodge: Dodged            |    44 |    36 |    58 |   115 |   437 |   338 |   444 ||  1472
  Block: Kite shield       |       |     3 |    57 |   235 |   728 |   861 |   677 ||  2561
         Reflection        |       |       |       |       |       |    38 |     3 ||    41
